NULL
Full Scoreboard »»

Penguins vs Golden Knights

Created - December 24, 2023 at 22:43

Goals
1 2 3 T
Penguins 0 1 0 1
Golden Knights 0 3 0 3
Shots
1 2 3 T
Penguins 15 13 6 34
Golden Knights 7 15 12 34

GoalsPenalties
1st period
No Goal
No Penalty
2nd period
1. Golden Knights , Joel Farabee 6 (Ryan Leonard 10) at 1:29
2. Penguins , Tyler Seguin 2 (Marc-Edouard Vlasic 2, Jake Guentzel 8) at 4:10
3. Golden Knights , Alex DeBrincat 7 (Tomas Hertl 8) at 5:05 (PP)
4. Golden Knights , Pius Suter 5 (Josh Anderson 5, Josh Morrissey 10) at 7:35
Tyler Seguin (PIT) for Roughing (Minor) at 4:58
3rd period
No Goal
Mark Stone (VGK) for Fighting (Major) at 3:31
Pat Maroon (PIT) for Fighting (Major) at 3:31
Mike Matheson (VGK) for Hooking (Minor) at 7:18
Matt Boldy (PIT) for Tripping (Minor) at 14:27
Jared Spurgeon (VGK) for Fighting (Major) at 18:08
Pat Maroon (PIT) for Fighting (Major) at 18:08
Jared Spurgeon (VGK) for instigated a fight (Minor) at 18:08
Jared Spurgeon (VGK) for instigated a fight (10 Minutes Misconduct) at 18:08
Goalie Stats
Ilya Sorokin (PIT), 31 saves from 34 shots - (0.912), L, 3-4-4, 60:00 minutes
Anthony Stolarz (VGK), 33 saves from 34 shots - (0.971), W, 3-3-1, 60:00 minutes
3 StarsOfficial
1 - Anthony Stolarz (VGK)
2 - Alex DeBrincat (VGK)
3 - Joel Farabee (VGK)
Referees : Unknown
Linesman : Unknown
Game Note
0:56 of 2nd period - Golden Knights goal is going for a video replay. After video review, No Goal. The goalkeeper has been pushed into the net together with the puck after making a save.
Mark Stone and Pat Maroon fight to a draw at 3:31 of 3rd period
Jared Spurgeon and Pat Maroon fight to a draw at 18:08 of 3rd period



Team Name Goals Shots Shots Attemp Shots Blocked PIM HIT PP PK FO%
Penguins 134621514240 / 2 (0%)156%
Golden Knights 334771124311 / 2 (50%)044%

Penguins
Player Name POS G A P +/- PIM HIT SHT SB MP PP MP PP SHT PK MP PK SHT FO% FOT GA TA
Alex GoligoskiD000-1011118:522:1501:1500% 000
Arthur KaliyevLW0000001010:230:0001:0900% 200
Brock McGinnLW/RW000000038:150:0000:0000% 000
Charlie CoyleC/LW/RW0000001017:251:4100:03047% 1710
Evan RodriguesC/LW/RW0000035017:201:4120:0000% 010
Evgeny SvechnikovLW/RW000-1050015:130:0000:0000% 211
Jake GuentzelC/LW/RW0110016118:392:0900:5400% 030
Joe PavelskiC/RW0000032018:392:0900:54063% 1921
Joel EdmundsonD0000021116:160:0000:0000% 002
Marc-Edouard VlasicD0110010216:080:0000:0000% 001
Matt BoldyLW0000214117:211:4100:000100% 120
Mattias EkholmD0000022124:111:3500:5100% 000
Pat MaroonLW/RW000-11013014:140:0000:000100% 101
Ryan PulockD000-1002123:352:1501:1500% 000
Sean MonahanC000-1012015:160:0000:00062% 2110
Thomas ChabotD0000001219:281:3500:5100% 000
Tyler SeguinC/RW1010223118:582:0901:1200% 010
Zack MacEwenC/RW000001017:370:0000:00067% 300
Golden Knights
Player Name POS G A P +/- PIM HIT SHT SB MP PP MP PP SHT PK MP PK SHT FO% FOT GA TA
Alex DeBrincatC/LW/RW1010054016:301:1410:00050% 610
Brett PesceD0001012018:200:0002:2100% 012
Jared SpurgeonD00011722119:001:1311:0800% 013
Joel FarabeeLW1011026116:120:5200:000100% 111
Josh AndersonRW0110023115:540:0002:01050% 210
Josh MorrisseyD0110011121:300:5301:1700% 010
Kieffer BellowsLW000001109:350:0000:00050% 200
Mark StoneLW/RW0000511115:090:5200:0300% 000
Mike MathesonD0000211221:180:5300:4900% 003
Nathan BastianRW000002109:350:0000:0000% 000
Nick BlankenburgD0000012120:090:0002:0500% 002
Owen PowerD0000000119:581:1300:0000% 000
Patrick BrownC0000050014:020:0002:010100% 100
Pius SuterC1010001014:430:0001:49024% 1701
Ryan LeonardC/LW/RW0111011116:081:1400:00050% 200
Shane PintoC0001011016:540:5200:00043% 1400
Taylor RaddyshLW/RW0000032114:430:0001:4900% 000
Tomas HertlC/LW/RW0110025016:301:1420:00052% 2100

Penguins

5 vs 5 Forward
Line #Left WingCenterRight WingPHYDFOFWanted %Time %Time Play
1Jake GuentzelJoe PavelskiTyler Seguin1223029%15:36
2Matt BoldyCharlie CoyleEvan Rodrigues1223029%15:41
3Pat MaroonSean MonahanEvgeny Svechnikov1223029%15:26
4Arthur KaliyevZack MacEwenBrock McGinn1221014%7:21
5 vs 5 Defense
Line #DefenseDefensePHYDFOFWanted %Time %Time Play
1Mattias EkholmThomas Chabot1223032%17:02
2Ryan PulockAlex Goligoski1223028%15:22
3Marc-Edouard VlasicJoel Edmundson1223030%16:03
4Ryan PulockMattias Ekholm1221010%5:37
Power Play Forward
Line #Left WingCenterRight WingPHYDFOFWanted %Time %Time Play
1Jake GuentzelJoe PavelskiTyler Seguin1225056%2:09
2Matt BoldyCharlie CoyleEvan Rodrigues1225044%1:41
Power Play Defense
Line #DefenseDefensePHYDFOFWanted %Time %Time Play
1Mattias EkholmThomas Chabot1225041%1:35
2Ryan PulockAlex Goligoski1225059%2:15
Penalty Kill 4 Players Forward
Line #CenterWingPHYDFOFWanted %Time %Time Play
1Joe PavelskiJake Guentzel1225043%0:54
2Matt BoldyTyler Seguin1225057%1:12
Penalty Kill 4 Players Defense
Line #DefenseDefensePHYDFOFWanted %Time %Time Play
1Mattias EkholmThomas Chabot1225040%0:51
2Ryan PulockAlex Goligoski1225060%1:15
Penalty Kill 3 Players
Line #WingPHYDFOFWanted %Time %Time PlayDefenseDefensePHYDFOFWanted %Time %Time Play
1Joe Pavelski122500%0:00 Mattias EkholmThomas Chabot122500%0:00
2Jake Guentzel122500%0:00 Ryan PulockAlex Goligoski122500%0:00
4 vs 4 Forward
Line #CenterWingPHYDFOFWanted %Time %Time Play
1Joe PavelskiJake Guentzel122500%0:00
2Matt BoldyTyler Seguin122500%0:00
4 vs 4 Defense
Line #DefensePHYDFOFWanted %Time %Time Play
1Mattias EkholmThomas Chabot122500%0:00
2Ryan PulockAlex Goligoski122500%0:00
Last Minutes Offensive
Left WingCenterRight WingDefenseDefense
Jake GuentzelJoe PavelskiTyler SeguinMattias EkholmThomas Chabot
Last Minutes Defensive
Left WingCenterRight WingDefenseDefense
Jake GuentzelJoe PavelskiTyler SeguinMattias EkholmThomas Chabot
Time
Total ForwardTotal DefenseLast Minutes OffensiveLast Minutes Defensive
60:00 60:00 0:000:00
Extra Forwards
Normal PowerPlayPenalty Kill
Sean Monahan, Pat Maroon, Arthur KaliyevSean Monahan, Pat MaroonArthur Kaliyev
Extra Defensemen
Normal PowerPlayPenalty Kill
Marc-Edouard Vlasic, Joel Edmundson, Ryan PulockMarc-Edouard Vlasic, Joel EdmundsonRyan Pulock
Penalty Shots
Joe Pavelski, Jake Guentzel, Matt Boldy, Tyler Seguin, Charlie Coyle
Goalie
Ilya Sorokin, Scott Wedgewood
Custom OT Lines Forwards
Joe Pavelski, Jake Guentzel, Matt Boldy, Tyler Seguin, Charlie Coyle, Evan Rodrigues, Sean Monahan, Pat Maroon, Arthur Kaliyev, Evgeny Svechnikov
Custom OT Lines Defensemen
Mattias Ekholm, Thomas Chabot, Ryan Pulock, Alex Goligoski, Marc-Edouard Vlasic
Scratches
Dominik Simon (Healthy), Robert Hagg (Healthy)

Golden Knights

5 vs 5 Forward
Line #Left WingCenterRight WingPHYDFOFWanted %Time %Time Play
1Mark StoneTomas HertlAlex DeBrincat1223228%15:16
2Joel FarabeeShane PintoRyan Leonard1223230%16:19
3Taylor RaddyshPius SuterJosh Anderson1222624%12:54
4Kieffer BellowsPatrick BrownNathan Bastian1221018%9:35
5 vs 5 Defense
Line #DefenseDefensePHYDFOFWanted %Time %Time Play
1Mike MathesonJosh Morrissey1223433%17:57
2Jared SpurgeonBrett Pesce1223331%16:57
3Owen PowerNick Blankenburg1223333%17:47
4Mike MathesonJosh Morrissey12203%1:23
Power Play Forward
Line #Left WingCenterRight WingPHYDFOFWanted %Time %Time Play
1Ryan LeonardTomas HertlAlex DeBrincat1135559%1:14
2Joel FarabeeShane PintoMark Stone1224541%0:52
Power Play Defense
Line #DefenseDefensePHYDFOFWanted %Time %Time Play
1Josh MorrisseyMike Matheson1225042%0:53
2Jared SpurgeonOwen Power1225058%1:13
Penalty Kill 4 Players Forward
Line #CenterWingPHYDFOFWanted %Time %Time Play
1Pius SuterTaylor Raddysh1225047%1:49
2Patrick BrownJosh Anderson1225053%2:01
Penalty Kill 4 Players Defense
Line #DefenseDefensePHYDFOFWanted %Time %Time Play
1Brett PesceJared Spurgeon1225557%2:10
2Mike MathesonNick Blankenburg1224543%1:40
Penalty Kill 3 Players
Line #WingPHYDFOFWanted %Time %Time PlayDefenseDefensePHYDFOFWanted %Time %Time Play
1Patrick Brown122500%0:00 Mike MathesonJosh Morrissey122500%0:00
2Pius Suter122500%0:00 Jared SpurgeonBrett Pesce122500%0:00
4 vs 4 Forward
Line #CenterWingPHYDFOFWanted %Time %Time Play
1Tomas HertlMark Stone122500%0:00
2Alex DeBrincatJosh Anderson122500%0:00
4 vs 4 Defense
Line #DefensePHYDFOFWanted %Time %Time Play
1Mike MathesonJosh Morrissey122500%0:00
2Nick BlankenburgOwen Power122500%0:00
Last Minutes Offensive
Left WingCenterRight WingDefenseDefense
Alex DeBrincatTomas HertlRyan LeonardOwen PowerJosh Morrissey
Last Minutes Defensive
Left WingCenterRight WingDefenseDefense
Mark StoneTomas HertlNathan BastianBrett PesceJared Spurgeon
Time
Total ForwardTotal DefenseLast Minutes OffensiveLast Minutes Defensive
60:00 60:00 0:000:00
Extra Forwards
Normal PowerPlayPenalty Kill
Patrick Brown, Shane Pinto, Taylor RaddyshPatrick Brown, Shane PintoTaylor Raddysh
Extra Defensemen
Normal PowerPlayPenalty Kill
Owen Power, Nick Blankenburg, Jared SpurgeonOwen Power, Nick BlankenburgJared Spurgeon
Penalty Shots
Mark Stone, Alex DeBrincat, Pius Suter, Josh Anderson, Mike Matheson
Goalie
Anthony Stolarz, Sergei Bobrovsky
Custom OT Lines Forwards
Tomas Hertl, Mark Stone, Alex DeBrincat, Josh Anderson, Ryan Leonard, Shane Pinto, Taylor Raddysh, Joel Farabee, Pius Suter, Nathan Bastian
Custom OT Lines Defensemen
Mike Matheson, Josh Morrissey, Jared Spurgeon, Brett Pesce, Owen Power
Scratches
Aku Raty (Healthy), Mikko Koskinen (Healthy)


Play-by-Play

1st period


0:01 of 1st period - Tomas Hertl wins face-off versus Joe Pavelski in neutral zone.
0:15 of 1st period - Slapshot by Joe Pavelski.
0:15 of 1st period - Deflect By Alex DeBrincat.
0:15 of 1st period - Shot Misses the Net.
0:15 of 1st period - Puck is out of play.
0:16 of 1st period - Charlie Coyle wins face-off versus Shane Pinto in Golden Knights zone.
0:41 of 1st period - Taylor Raddysh is hit by Evgeny Svechnikov and loses puck.
1:02 of 1st period - Snap shot by Nick Blankenburg.
1:02 of 1st period - Shot Misses the Net.
1:08 of 1st period - Patrick Brown is hit by Zack MacEwen and loses puck.
2:11 of 1st period - Slapshot by Pat Maroon.
2:11 of 1st period - Deflect By Sean Monahan.
2:11 of 1st period - Stopped by Anthony Stolarz with a rebound.
2:13 of 1st period - Slapshot by Pat Maroon.
2:13 of 1st period - Stopped by Anthony Stolarz with a rebound.
2:25 of 1st period - Slapshot by Brett Pesce.
2:25 of 1st period - Stopped by Ilya Sorokin with a rebound.
2:27 of 1st period - Slapshot by Brett Pesce.
2:27 of 1st period - Stopped by Ilya Sorokin with a rebound.
3:53 of 1st period - Snap shot by Joe Pavelski.
3:53 of 1st period - Stopped by Anthony Stolarz without a rebound.
3:54 of 1st period - Pat Maroon wins face-off versus Shane Pinto in Golden Knights zone.
4:38 of 1st period - Brett Pesce is hit by Evan Rodrigues and loses puck.
4:46 of 1st period - Off-side.
4:47 of 1st period - Tomas Hertl wins face-off versus Joe Pavelski in neutral zone.
5:24 of 1st period - Snap shot by Joel Farabee.
5:24 of 1st period - Stopped by Ilya Sorokin without a rebound.
5:25 of 1st period - Ryan Leonard wins face-off versus Charlie Coyle in Penguins zone.
5:28 of 1st period - Snap shot by Ryan Leonard.
5:28 of 1st period - Shot Blocked by Marc-Edouard Vlasic.
5:47 of 1st period - Icing by Evan Rodrigues.
5:48 of 1st period - Charlie Coyle wins face-off versus Tomas Hertl in Penguins zone.
7:15 of 1st period - Wrist shot by Mark Stone.
7:15 of 1st period - Shot Misses the Net.
7:20 of 1st period - Off-side.
7:21 of 1st period - Joe Pavelski wins face-off versus Tomas Hertl in neutral zone.
7:46 of 1st period - Snap shot by Evan Rodrigues.
7:46 of 1st period - Stopped by Anthony Stolarz with a rebound.
7:48 of 1st period - Slapshot by Matt Boldy.
7:48 of 1st period - Stopped by Anthony Stolarz with a rebound.
7:50 of 1st period - Wrist shot by Evan Rodrigues.
7:50 of 1st period - Stopped by Anthony Stolarz without a rebound.
7:51 of 1st period - Charlie Coyle wins face-off versus Shane Pinto in Golden Knights zone.
8:04 of 1st period - Owen Power is hit by Mattias Ekholm and loses puck.
8:41 of 1st period - Ryan Pulock is hit by Shane Pinto and loses puck.
9:40 of 1st period - Wrist shot by Evan Rodrigues.
9:40 of 1st period - Stopped by Anthony Stolarz without a rebound.
9:41 of 1st period - Tomas Hertl wins face-off versus Sean Monahan in Golden Knights zone.
10:18 of 1st period - Thomas Chabot is hit by Josh Anderson and loses puck.
11:11 of 1st period - Wrist shot by Taylor Raddysh.
11:11 of 1st period - Shot Blocked by Tyler Seguin.
11:16 of 1st period - Off-side.
11:17 of 1st period - Joe Pavelski wins face-off versus Pius Suter in neutral zone.
11:24 of 1st period - Wrist shot by Jake Guentzel.
11:24 of 1st period - Shot Blocked by Josh Anderson.
11:26 of 1st period - Snap shot by Tyler Seguin.
11:26 of 1st period - Stopped by Anthony Stolarz with a rebound.
11:28 of 1st period - Backhand shot by Joe Pavelski.
11:28 of 1st period - Stopped by Anthony Stolarz with a rebound.
11:30 of 1st period - Wrist shot by Ryan Pulock.
11:30 of 1st period - Shot Hit the Post.
11:32 of 1st period - Slapshot by Ryan Pulock.
11:32 of 1st period - Shot Blocked by Jared Spurgeon.
11:42 of 1st period - Alex Goligoski is hit by Tomas Hertl.
11:45 of 1st period - Off-side.
11:46 of 1st period - Zack MacEwen wins face-off versus Tomas Hertl in neutral zone.
11:49 of 1st period - Mike Matheson is hit by Joel Edmundson and loses puck.
12:10 of 1st period - Marc-Edouard Vlasic is hit by Alex DeBrincat and loses puck.
12:18 of 1st period - Mattias Ekholm is hit by Josh Morrissey and loses puck.
12:37 of 1st period - Snap shot by Alex DeBrincat.
12:37 of 1st period - Shot Misses the Net.
12:39 of 1st period - Snap shot by Alex DeBrincat.
12:39 of 1st period - Stopped by Ilya Sorokin with a rebound.
12:41 of 1st period - Slapshot by Mike Matheson.
12:41 of 1st period - Shot Blocked by Zack MacEwen.
12:43 of 1st period - Wrist shot by Josh Morrissey.
12:43 of 1st period - Stopped by Ilya Sorokin with a rebound.
12:45 of 1st period - Slapshot by Mike Matheson.
12:45 of 1st period - Stopped by Ilya Sorokin with a rebound.
12:47 of 1st period - Snap shot by Alex DeBrincat.
12:47 of 1st period - Shot Blocked by Brock McGinn.
13:19 of 1st period - Slapshot by Mattias Ekholm.
13:19 of 1st period - Stopped by Anthony Stolarz without a rebound.
13:20 of 1st period - Pius Suter wins face-off versus Sean Monahan in Golden Knights zone.
13:20 of 1st period - Pius Suter is hit by Pat Maroon.
13:32 of 1st period - Wrist shot by Jared Spurgeon.
13:32 of 1st period - Shot Misses the Net.
13:34 of 1st period - Wrist shot by Josh Anderson.
13:34 of 1st period - Stopped by Ilya Sorokin without a rebound.
13:35 of 1st period - Joe Pavelski wins face-off versus Shane Pinto in Penguins zone.
13:35 of 1st period - Joe Pavelski is hit by Joel Farabee.
14:00 of 1st period - Brett Pesce is hit by Evgeny Svechnikov and loses puck.
14:11 of 1st period - Wrist shot by Pat Maroon.
14:11 of 1st period - Shot Misses the Net.
14:26 of 1st period - Off-side.
14:27 of 1st period - Joe Pavelski wins face-off versus Kieffer Bellows in neutral zone.
15:20 of 1st period - Wrist shot by Jake Guentzel.
15:20 of 1st period - Stopped by Anthony Stolarz with a rebound.
15:30 of 1st period - Wrist shot by Joe Pavelski.
15:30 of 1st period - Shot Misses the Net.
15:44 of 1st period - Wrist shot by Jake Guentzel.
15:44 of 1st period - Shot Misses the Net.
16:06 of 1st period - Wrist shot by Jake Guentzel.
16:06 of 1st period - Stopped by Anthony Stolarz with a rebound.
16:08 of 1st period - Snap shot by Jake Guentzel.
16:08 of 1st period - Stopped by Anthony Stolarz with a rebound.
16:22 of 1st period - Slapshot by Jake Guentzel.
16:22 of 1st period - Shot Blocked by Mike Matheson.
16:24 of 1st period - Wrist shot by Joe Pavelski.
16:24 of 1st period - Shot Misses the Net.
16:26 of 1st period - Wrist shot by Joe Pavelski.
16:26 of 1st period - Shot Blocked by Mike Matheson.
16:28 of 1st period - Snap shot by Tyler Seguin.
16:28 of 1st period - Stopped by Anthony Stolarz with a rebound.
16:34 of 1st period - Wrist shot by Jake Guentzel.
16:34 of 1st period - Stopped by Anthony Stolarz without a rebound.
16:35 of 1st period - Sean Monahan wins face-off versus Shane Pinto in Golden Knights zone.
16:50 of 1st period - Wrist shot by Sean Monahan.
16:50 of 1st period - Shot Misses the Net.
17:00 of 1st period - Matt Boldy is hit by Jared Spurgeon and loses puck.
17:23 of 1st period - Ryan Pulock is hit by Nick Blankenburg and loses puck.
18:17 of 1st period - Snap shot by Taylor Raddysh.
18:17 of 1st period - Shot Blocked by Brock McGinn.
18:19 of 1st period - Snap shot by Tomas Hertl.
18:19 of 1st period - Shot Blocked by Marc-Edouard Vlasic.
18:37 of 1st period - Mike Matheson is hit by Evan Rodrigues and loses puck.
19:10 of 1st period - Pat Maroon is hit by Taylor Raddysh and loses puck.
Goals for this period are 0 for Penguins vs 0 for Golden Knights.
Shots for this period are 15 for Penguins vs 7 for Golden Knights.

2nd period


0:01 of 2nd period - Sean Monahan wins face-off versus Tomas Hertl in neutral zone.
0:42 of 2nd period - Ryan Leonard is hit by Jake Guentzel.
0:52 of 2nd period - Snap shot by Taylor Raddysh.
0:52 of 2nd period - Shot Misses the Net.
0:54 of 2nd period - Wrist shot by Pius Suter.
0:54 of 2nd period - Shot Misses the Net.
0:56 of 2nd period - Wrist shot by Josh Anderson.
0:56 of 2nd period - Golden Knights goal is going for a video replay.
0:56 of 2nd period - The goal is refused. The goalkeeper has been pushed into the net together with the puck after making a save..
0:57 of 2nd period - Josh Anderson wins face-off versus Charlie Coyle in Penguins zone.
1:00 of 2nd period - Wrist shot by Taylor Raddysh.
1:00 of 2nd period - Shot Misses the Net.
1:02 of 2nd period - Snap shot by Josh Anderson.
1:02 of 2nd period - Shot Misses the Net.
1:04 of 2nd period - Slapshot by Josh Anderson.
1:04 of 2nd period - Shot Misses the Net.
1:06 of 2nd period - Snap shot by Taylor Raddysh.
1:06 of 2nd period - Shot Misses the Net.
1:08 of 2nd period - Snap shot by Taylor Raddysh.
1:08 of 2nd period - Shot Blocked by Joel Edmundson.
1:29 of 2nd period - Slapshot by Joel Farabee.
1:29 of 2nd period - Goal by Joel Farabee - Penguins : 0 - Golden Knights : 1.
1:30 of 2nd period - Sean Monahan wins face-off versus Alex DeBrincat in neutral zone.
2:06 of 2nd period - Snap shot by Ryan Leonard.
2:06 of 2nd period - Shot Misses the Net.
2:30 of 2nd period - Off-side.
2:31 of 2nd period - Sean Monahan wins face-off versus Pius Suter in neutral zone.
2:44 of 2nd period - Thomas Chabot is hit by Josh Anderson and loses puck.
3:19 of 2nd period - Snap shot by Evan Rodrigues.
3:19 of 2nd period - Deflect By Matt Boldy.
3:19 of 2nd period - Shot Misses the Net.
3:19 of 2nd period - Puck is out of play.
3:20 of 2nd period - Shane Pinto wins face-off versus Charlie Coyle in Golden Knights zone.
3:20 of 2nd period - Shane Pinto is hit by Matt Boldy.
3:32 of 2nd period - Slapshot by Shane Pinto.
3:32 of 2nd period - Shot Hit the Post.
3:34 of 2nd period - Slapshot by Joel Farabee.
3:34 of 2nd period - Stopped by Ilya Sorokin without a rebound.
3:35 of 2nd period - Sean Monahan wins face-off versus Tomas Hertl in Penguins zone.
3:44 of 2nd period - Slapshot by Mark Stone.
3:44 of 2nd period - Stopped by Ilya Sorokin without a rebound.
3:45 of 2nd period - Sean Monahan wins face-off versus Tomas Hertl in Penguins zone.
4:00 of 2nd period - Slapshot by Sean Monahan.
4:00 of 2nd period - Stopped by Anthony Stolarz without a rebound.
4:01 of 2nd period - Joe Pavelski wins face-off versus Josh Anderson in Golden Knights zone.
4:06 of 2nd period - Wrist shot by Jake Guentzel.
4:06 of 2nd period - Shot Misses the Net.
4:08 of 2nd period - Snap shot by Marc-Edouard Vlasic.
4:08 of 2nd period - Shot Misses the Net.
4:10 of 2nd period - Snap shot by Tyler Seguin.
4:10 of 2nd period - Goal by Tyler Seguin - Penguins : 1 - Golden Knights : 1.
4:11 of 2nd period - Sean Monahan wins face-off versus Shane Pinto in neutral zone.
4:24 of 2nd period - Wrist shot by Joel Farabee.
4:24 of 2nd period - Stopped by Ilya Sorokin with a rebound.
4:26 of 2nd period - Slapshot by Mike Matheson.
4:26 of 2nd period - Shot Misses the Net.
4:36 of 2nd period - Marc-Edouard Vlasic is hit by Alex DeBrincat and loses puck.
4:41 of 2nd period - Snap shot by Alex DeBrincat.
4:41 of 2nd period - Stopped by Ilya Sorokin without a rebound.
4:42 of 2nd period - Alex DeBrincat wins face-off versus Charlie Coyle in Penguins zone.
4:43 of 2nd period - Slapshot by Tomas Hertl.
4:43 of 2nd period - Stopped by Ilya Sorokin without a rebound.
4:44 of 2nd period - Pius Suter wins face-off versus Charlie Coyle in Penguins zone.
4:49 of 2nd period - Slapshot by Josh Anderson.
4:49 of 2nd period - Shot Blocked by Matt Boldy.
4:51 of 2nd period - Snap shot by Josh Anderson.
4:51 of 2nd period - Stopped by Ilya Sorokin with a rebound.
4:53 of 2nd period - Wrist shot by Taylor Raddysh.
4:53 of 2nd period - Shot Blocked by Ryan Pulock.
4:55 of 2nd period - Wrist shot by Nick Blankenburg.
4:55 of 2nd period - Stopped by Ilya Sorokin without a rebound.
4:56 of 2nd period - Joe Pavelski wins face-off versus Pius Suter in Penguins zone.
4:58 of 2nd period - Minor Penalty to Tyler Seguin for Roughing.
4:59 of 2nd period - Tomas Hertl wins face-off versus Joe Pavelski in Penguins zone.
5:05 of 2nd period - Wrist shot by Alex DeBrincat.
5:05 of 2nd period - Goal by Alex DeBrincat - Penguins : 1 - Golden Knights : 2.
5:06 of 2nd period - Joe Pavelski wins face-off versus Ryan Leonard in neutral zone.
5:31 of 2nd period - Jake Guentzel is hit by Alex DeBrincat and loses puck.
6:01 of 2nd period - Thomas Chabot is hit by Taylor Raddysh and loses puck.
6:42 of 2nd period - Arthur Kaliyev is hit by Patrick Brown.
7:29 of 2nd period - Snap shot by Pius Suter.
7:29 of 2nd period - Shot Misses the Net.
7:35 of 2nd period - Snap shot by Pius Suter.
7:35 of 2nd period - Goal by Pius Suter - Penguins : 1 - Golden Knights : 3.
7:36 of 2nd period - Charlie Coyle wins face-off versus Shane Pinto in neutral zone.
7:47 of 2nd period - Snap shot by Evan Rodrigues.
7:47 of 2nd period - Shot Blocked by Joel Farabee.
8:10 of 2nd period - Evgeny Svechnikov is hit by Tomas Hertl and loses puck.
8:52 of 2nd period - Wrist shot by Arthur Kaliyev.
8:52 of 2nd period - Shot Misses the Net.
9:06 of 2nd period - Mattias Ekholm is hit by Nathan Bastian.
9:10 of 2nd period - Ryan Pulock is hit by Patrick Brown and loses puck.
9:38 of 2nd period - Owen Power is hit by Joel Edmundson and loses puck.
9:42 of 2nd period - Icing by Kieffer Bellows.
9:43 of 2nd period - Kieffer Bellows wins face-off versus Joe Pavelski in Golden Knights zone.
9:50 of 2nd period - Wrist shot by Nathan Bastian.
9:50 of 2nd period - Stopped by Ilya Sorokin with a rebound.
10:16 of 2nd period - Joel Edmundson is hit by Nathan Bastian and loses puck.
10:39 of 2nd period - Snap shot by Jared Spurgeon.
10:39 of 2nd period - Stopped by Ilya Sorokin with a rebound.
10:41 of 2nd period - Wrist shot by Patrick Brown.
10:41 of 2nd period - Deflect By Kieffer Bellows.
10:41 of 2nd period - Stopped by Ilya Sorokin with a rebound.
10:51 of 2nd period - Evan Rodrigues is hit by Kieffer Bellows and loses puck.
11:11 of 2nd period - Off-side.
11:12 of 2nd period - Sean Monahan wins face-off versus Alex DeBrincat in neutral zone.
11:14 of 2nd period - Evgeny Svechnikov is hit by Alex DeBrincat and loses puck.
11:47 of 2nd period - Wrist shot by Tyler Seguin.
11:47 of 2nd period - Deflect By Shane Pinto.
11:47 of 2nd period - Shot Blocked by Ryan Leonard.
11:47 of 2nd period - Puck is out of play.
11:48 of 2nd period - Shane Pinto wins face-off versus Joe Pavelski in Golden Knights zone.
12:29 of 2nd period - Ryan Leonard is hit by Joe Pavelski and loses puck.
13:01 of 2nd period - Ryan Leonard is hit by Joe Pavelski and loses puck.
13:47 of 2nd period - Alex Goligoski is hit by Jared Spurgeon and loses puck.
14:40 of 2nd period - Wrist shot by Jake Guentzel.
14:40 of 2nd period - Shot Misses the Net.
14:42 of 2nd period - Slapshot by Ryan Pulock.
14:42 of 2nd period - Stopped by Anthony Stolarz with a rebound.
14:44 of 2nd period - Slapshot by Ryan Pulock.
14:44 of 2nd period - Stopped by Anthony Stolarz with a rebound.
14:46 of 2nd period - Snap shot by Alex Goligoski.
14:46 of 2nd period - Deflect By Ryan Leonard.
14:46 of 2nd period - Stopped by Anthony Stolarz with a rebound.
14:48 of 2nd period - Snap shot by Jake Guentzel.
14:48 of 2nd period - Stopped by Anthony Stolarz without a rebound.
14:49 of 2nd period - Sean Monahan wins face-off versus Tomas Hertl in Golden Knights zone.
14:58 of 2nd period - Slapshot by Thomas Chabot.
14:58 of 2nd period - Shot Misses the Net.
15:00 of 2nd period - Slapshot by Evgeny Svechnikov.
15:00 of 2nd period - Shot Blocked by Mark Stone.
15:02 of 2nd period - Snap shot by Pat Maroon.
15:02 of 2nd period - Stopped by Anthony Stolarz without a rebound.
15:03 of 2nd period - Charlie Coyle wins face-off versus Pius Suter in Golden Knights zone.
15:04 of 2nd period - Wrist shot by Matt Boldy.
15:04 of 2nd period - Stopped by Anthony Stolarz with a rebound.
15:06 of 2nd period - Slapshot by Mattias Ekholm.
15:06 of 2nd period - Stopped by Anthony Stolarz without a rebound.
15:07 of 2nd period - Charlie Coyle wins face-off versus Pius Suter in Golden Knights zone.
15:12 of 2nd period - Snap shot by Evan Rodrigues.
15:12 of 2nd period - Shot Blocked by Josh Morrissey.
15:14 of 2nd period - Wrist shot by Evan Rodrigues.
15:14 of 2nd period - Shot Misses the Net.
15:16 of 2nd period - Slapshot by Thomas Chabot.
15:16 of 2nd period - Stopped by Anthony Stolarz with a rebound.
15:18 of 2nd period - Wrist shot by Charlie Coyle.
15:18 of 2nd period - Stopped by Anthony Stolarz with a rebound.
15:20 of 2nd period - Snap shot by Matt Boldy.
15:20 of 2nd period - Stopped by Anthony Stolarz without a rebound.
15:21 of 2nd period - Alex DeBrincat wins face-off versus Sean Monahan in Golden Knights zone.
15:26 of 2nd period - Snap shot by Tomas Hertl.
15:26 of 2nd period - Shot Misses the Net.
15:34 of 2nd period - Slapshot by Thomas Chabot.
15:34 of 2nd period - Deflect By Pat Maroon.
15:34 of 2nd period - Stopped by Anthony Stolarz with a rebound.
16:13 of 2nd period - Mike Matheson is hit by Marc-Edouard Vlasic and loses puck.
16:34 of 2nd period - Tomas Hertl is hit by Alex Goligoski.
17:25 of 2nd period - Off-side.
17:26 of 2nd period - Pius Suter wins face-off versus Zack MacEwen in neutral zone.
18:17 of 2nd period - Jared Spurgeon is hit by Sean Monahan and loses puck.
18:40 of 2nd period - Backhand shot by Taylor Raddysh.
18:40 of 2nd period - Stopped by Ilya Sorokin with a rebound.
18:42 of 2nd period - Wrist shot by Taylor Raddysh.
18:42 of 2nd period - Shot Blocked by Thomas Chabot.
18:44 of 2nd period - Wrist shot by Josh Anderson.
18:44 of 2nd period - Shot Misses the Net.
19:43 of 2nd period - Arthur Kaliyev is hit by Joel Farabee and loses puck.
Goals for this period are 1 for Penguins vs 3 for Golden Knights.
Shots for this period are 13 for Penguins vs 15 for Golden Knights.

3rd period


0:01 of 3rd period - Sean Monahan wins face-off versus Alex DeBrincat in neutral zone.
0:32 of 3rd period - Pius Suter is hit by Evan Rodrigues and loses puck.
1:00 of 3rd period - Joel Farabee is hit by Tyler Seguin and loses puck.
1:21 of 3rd period - Snap shot by Joel Edmundson.
1:21 of 3rd period - Stopped by Anthony Stolarz without a rebound.
1:22 of 3rd period - Sean Monahan wins face-off versus Pius Suter in Golden Knights zone.
1:28 of 3rd period - Off-side.
1:29 of 3rd period - Sean Monahan wins face-off versus Pius Suter in neutral zone.
1:38 of 3rd period - Josh Anderson is hit by Evgeny Svechnikov and loses puck.
1:54 of 3rd period - Icing by Evan Rodrigues.
1:55 of 3rd period - Tomas Hertl wins face-off versus Charlie Coyle in Penguins zone.
1:56 of 3rd period - Snap shot by Alex DeBrincat.
1:56 of 3rd period - Stopped by Ilya Sorokin with a rebound.
1:58 of 3rd period - Slapshot by Jared Spurgeon.
1:58 of 3rd period - Shot Misses the Net.
2:45 of 3rd period - Off-side.
2:46 of 3rd period - Joel Farabee wins face-off versus Joe Pavelski in neutral zone.
2:51 of 3rd period - Slapshot by Josh Morrissey.
2:51 of 3rd period - Shot Blocked by Jake Guentzel.
3:00 of 3rd period - Slapshot by Josh Morrissey.
3:00 of 3rd period - Shot Blocked by Thomas Chabot.
3:02 of 3rd period - Wrist shot by Shane Pinto.
3:02 of 3rd period - Stopped by Ilya Sorokin with a rebound.
3:04 of 3rd period - Backhand shot by Ryan Leonard.
3:04 of 3rd period - Stopped by Ilya Sorokin with a rebound.
3:06 of 3rd period - Slapshot by Joel Farabee.
3:06 of 3rd period - Stopped by Ilya Sorokin with a rebound.
3:08 of 3rd period - Slapshot by Joel Farabee.
3:08 of 3rd period - Stopped by Ilya Sorokin without a rebound.
3:09 of 3rd period - Tomas Hertl wins face-off versus Sean Monahan in Penguins zone.
3:10 of 3rd period - Snap shot by Alex DeBrincat.
3:10 of 3rd period - Shot Misses the Net.
3:12 of 3rd period - Slapshot by Nick Blankenburg.
3:12 of 3rd period - Stopped by Ilya Sorokin without a rebound.
3:13 of 3rd period - Tomas Hertl wins face-off versus Sean Monahan in Penguins zone.
3:16 of 3rd period - Snap shot by Tomas Hertl.
3:16 of 3rd period - Shot Misses the Net.
3:24 of 3rd period - Snap shot by Tomas Hertl.
3:24 of 3rd period - Stopped by Ilya Sorokin with a rebound.
3:31 of 3rd period - Mark Stone and Pat Maroon fight to a draw.
3:31 of 3rd period - Penalty to Mark Stone for Fighting.
3:31 of 3rd period - Penalty to Pat Maroon for Fighting.
3:32 of 3rd period - Charlie Coyle wins face-off versus Tomas Hertl in Penguins zone.
3:57 of 3rd period - Evgeny Svechnikov is hit by Taylor Raddysh and loses puck.
4:39 of 3rd period - Off-side.
4:40 of 3rd period - Alex DeBrincat wins face-off versus Charlie Coyle in neutral zone.
4:43 of 3rd period - Mattias Ekholm is hit by Alex DeBrincat and loses puck.
5:09 of 3rd period - Wrist shot by Taylor Raddysh.
5:09 of 3rd period - Shot Hit the Post.
5:11 of 3rd period - Slapshot by Brett Pesce.
5:11 of 3rd period - Shot Misses the Net.
5:13 of 3rd period - Snap shot by Taylor Raddysh.
5:13 of 3rd period - Stopped by Ilya Sorokin with a rebound.
5:59 of 3rd period - Icing by Nick Blankenburg.
6:00 of 3rd period - Zack MacEwen wins face-off versus Pius Suter in Golden Knights zone.
6:01 of 3rd period - Snap shot by Arthur Kaliyev.
6:01 of 3rd period - Shot Misses the Net.
6:03 of 3rd period - Wrist shot by Zack MacEwen.
6:03 of 3rd period - Shot Blocked by Owen Power.
6:05 of 3rd period - Slapshot by Zack MacEwen.
6:05 of 3rd period - Shot Misses the Net.
6:07 of 3rd period - Snap shot by Arthur Kaliyev.
6:07 of 3rd period - Stopped by Anthony Stolarz with a rebound.
6:09 of 3rd period - Wrist shot by Brock McGinn.
6:09 of 3rd period - Shot Misses the Net.
6:11 of 3rd period - Slapshot by Marc-Edouard Vlasic.
6:11 of 3rd period - Shot Blocked by Nick Blankenburg.
6:55 of 3rd period - Charlie Coyle is hit by Ryan Leonard.
7:18 of 3rd period - Minor Penalty to Mike Matheson for Hooking.
7:19 of 3rd period - Joe Pavelski wins face-off versus Pius Suter in Golden Knights zone.
7:41 of 3rd period - Brett Pesce is hit by Joe Pavelski.
7:45 of 3rd period - Joe Pavelski is hit by Brett Pesce and loses puck.
7:50 of 3rd period - Snap shot by Taylor Raddysh.
7:50 of 3rd period - Shot Misses the Net.
8:31 of 3rd period - Penalty to Mark Stone is over, Mark Stone is back on ice.
8:33 of 3rd period - Icing by Evan Rodrigues.
8:34 of 3rd period - Matt Boldy wins face-off versus Pius Suter in Penguins zone.
9:18 of 3rd period - Penalty to Mike Matheson is over, Mike Matheson is back on ice.
9:33 of 3rd period - Patrick Brown is hit by Evgeny Svechnikov and loses puck.
9:40 of 3rd period - Mattias Ekholm is hit by Patrick Brown and loses puck.
9:57 of 3rd period - Brock McGinn is hit by Patrick Brown and loses puck.
10:08 of 3rd period - Backhand shot by Josh Anderson.
10:08 of 3rd period - Shot Blocked by Brock McGinn.
10:36 of 3rd period - Alex Goligoski is hit by Mark Stone and loses puck.
10:43 of 3rd period - Alex DeBrincat is hit by Tyler Seguin and loses puck.
10:51 of 3rd period - Icing by Owen Power.
10:52 of 3rd period - Shane Pinto wins face-off versus Evgeny Svechnikov in Golden Knights zone.
10:52 of 3rd period - Shane Pinto is hit by Evgeny Svechnikov.
10:57 of 3rd period - Off-side.
10:58 of 3rd period - Shane Pinto wins face-off versus Evgeny Svechnikov in neutral zone.
11:06 of 3rd period - Off-side.
11:07 of 3rd period - Tomas Hertl wins face-off versus Charlie Coyle in neutral zone.
11:18 of 3rd period - Wrist shot by Alex DeBrincat.
11:18 of 3rd period - Deflect By Tomas Hertl.
11:18 of 3rd period - Stopped by Ilya Sorokin with a rebound.
11:20 of 3rd period - Snap shot by Alex DeBrincat.
11:20 of 3rd period - Shot Blocked by Alex Goligoski.
11:22 of 3rd period - Snap shot by Mark Stone.
11:22 of 3rd period - Shot Misses the Net.
11:24 of 3rd period - Snap shot by Tomas Hertl.
11:24 of 3rd period - Shot Hit the Post.
12:17 of 3rd period - Zack MacEwen is hit by Patrick Brown.
12:33 of 3rd period - Slapshot by Jared Spurgeon.
12:33 of 3rd period - Shot Blocked by Mattias Ekholm.
12:43 of 3rd period - Slapshot by Tomas Hertl.
12:43 of 3rd period - Shot Misses the Net.
12:54 of 3rd period - Icing by Evan Rodrigues.
12:55 of 3rd period - Shane Pinto wins face-off versus Sean Monahan in Penguins zone.
13:09 of 3rd period - Icing by Mattias Ekholm.
13:10 of 3rd period - Tomas Hertl wins face-off versus Sean Monahan in Penguins zone.
13:25 of 3rd period - Snap shot by Tomas Hertl.
13:25 of 3rd period - Shot Misses the Net.
13:33 of 3rd period - Mattias Ekholm is hit by Mike Matheson.
13:49 of 3rd period - Snap shot by Jake Guentzel.
13:49 of 3rd period - Stopped by Anthony Stolarz without a rebound.
13:50 of 3rd period - Joe Pavelski wins face-off versus Pius Suter in Golden Knights zone.
14:18 of 3rd period - Icing by Nick Blankenburg.
14:19 of 3rd period - Charlie Coyle wins face-off versus Pius Suter in Golden Knights zone.
14:27 of 3rd period - Minor Penalty to Matt Boldy for Tripping.
14:28 of 3rd period - Tomas Hertl wins face-off versus Arthur Kaliyev in Penguins zone.
14:42 of 3rd period - Slapshot by Tomas Hertl.
14:42 of 3rd period - Stopped by Ilya Sorokin without a rebound.
14:43 of 3rd period - Joe Pavelski wins face-off versus Tomas Hertl in Penguins zone.
14:55 of 3rd period - Off-side.
14:56 of 3rd period - Tomas Hertl wins face-off versus Arthur Kaliyev in neutral zone.
15:03 of 3rd period - Slapshot by Jared Spurgeon.
15:03 of 3rd period - Stopped by Ilya Sorokin without a rebound.
15:04 of 3rd period - Joe Pavelski wins face-off versus Tomas Hertl in Penguins zone.
15:13 of 3rd period - Slapshot by Jared Spurgeon.
15:13 of 3rd period - Shot Misses the Net.
15:19 of 3rd period - Snap shot by Tomas Hertl.
15:19 of 3rd period - Stopped by Ilya Sorokin with a rebound.
16:10 of 3rd period - Icing by Joel Farabee.
16:11 of 3rd period - Joe Pavelski wins face-off versus Shane Pinto in Golden Knights zone.
16:27 of 3rd period - Penalty to Matt Boldy is over, Matt Boldy is back on ice.
16:28 of 3rd period - Icing by Josh Morrissey.
16:29 of 3rd period - Shane Pinto wins face-off versus Sean Monahan in Golden Knights zone.
17:05 of 3rd period - Josh Morrissey is hit by Mattias Ekholm and loses puck.
17:28 of 3rd period - Slapshot by Nick Blankenburg.
17:28 of 3rd period - Shot Misses the Net.
18:07 of 3rd period - Snap shot by Matt Boldy.
18:07 of 3rd period - Stopped by Anthony Stolarz without a rebound.
18:08 of 3rd period - Sean Monahan wins face-off versus Pius Suter in Golden Knights zone.
18:08 of 3rd period - Jared Spurgeon and Pat Maroon fight to a draw.
18:08 of 3rd period - Penalty to Jared Spurgeon for Fighting.
18:08 of 3rd period - Penalty to Pat Maroon for Fighting.
18:08 of 3rd period - Penalty to Jared Spurgeon for instigated a fight.
18:08 of 3rd period - Penalty to Jared Spurgeon for instigated a fight.
18:09 of 3rd period - Pius Suter wins face-off versus Joe Pavelski in Golden Knights zone.
19:21 of 3rd period - Snap shot by Evan Rodrigues.
19:21 of 3rd period - Stopped by Anthony Stolarz with a rebound.
19:23 of 3rd period - Snap shot by Matt Boldy.
19:23 of 3rd period - Shot Blocked by Taylor Raddysh.
19:25 of 3rd period - Wrist shot by Evan Rodrigues.
19:25 of 3rd period - Stopped by Anthony Stolarz without a rebound.
19:26 of 3rd period - Patrick Brown wins face-off versus Charlie Coyle in Golden Knights zone.
Goals for this period are 0 for Penguins vs 0 for Golden Knights.
Shots for this period are 6 for Penguins vs 12 for Golden Knights.